[Event "4NCL Div 1 2024-25"]
[Site "England"]
[Date "2024.11.24"]
[Round "2.28"]
[White "Czopor, Maciej"]
[Black "Berry, Neil"]
[Result "1-0"]
[Annotator "TA"]
[ECO "A13"]
[WhiteElo "2383"]
[BlackElo "2248"]
[PlyCount "101"]
[EventDate "2024.11.23"]
[EventType "team-tourn"]
[EventCountry "ENG"]
[SourceTitle "playchess.com"]
[Source "ChessBase"]
[SourceQuality "1"]
[TimeControl "40/6000+30:3000+30"]

1. c4 e6 2. Nf3 d5 3. g3 Nf6 4. Bg2 d4 5. O-O Be7 {[%emt 0:00:28] [#]} 6. b4 $1 O-O 7. Bb2 c5 8. d3 Nbd7 9. bxc5 e5 10. Nbd2 Bxc5 11. Nb3 Re8 12. Rb1 Bf8 13. Qc2 a5 14. Rfe1 a4 15. Nbd2 Nc5 16. Ng5 Bd7 (16... a3 $15 17. Bc1 Qa5) 17. Ba3 $11 Bc6 18. Bxc5 Bxc5 19. Bxc6 bxc6 20. Rb7 Nd7 21. Nge4 (21. Nde4 $11 Bf8 22. c5 Nxc5 (22... h6 23. Nf3 $17) 23. Nxc5 (23. Nxf7 Qa5 $11) 23... Qxg5 24. Nxa4) 21... Bf8 $2 (21... f5 $17 {Hoping for ...Bf8.} 22. Rxd7 Qxd7 23. Nxc5 Qe7 (23... Qa7 24. Nce4 $17)) 22. c5 $16 {[%emt 0:00:42] White is much more active.} Nf6 23. Nxf6+ Qxf6 24. Reb1 $36 {[%emt 0:01:13][%mdl 2048] White is on the roll.} Qe6 25. R1b4 Qd5 26. Rxa4 Rxa4 (26... Qxc5 $142 27. Qb3 (27. Qxc5 Bxc5 28. Rxa8 Rxa8 $16) 27... Qd5) 27. Qxa4 Qxc5 28. Qc4 Qd5 29. a4 Ra8 30. Rc7 ({Better is} 30. Qc2 $16) 30... Qxc4 $11 31. Nxc4 {[%emt 0:00:06][%mdl 4096] Endgame Threatens to win with Nb6. KRB-KRN} f6 $1 32. Nb6 ({Don't play} 32. Rxc6 Rxa4 33. Kg2 Ra2 $16) 32... Ra6 33. Rxc6 Kf7 34. Rc7+ Kg6 35. Rb7 Bc5 36. Nd7 Ba3 $1 37. Rb6 Rxa4 $2 (37... Ra5 $1 $14) 38. Nxe5+ $18 Kf5 39. Nc4 Bb4 40. Kg2 Bc3 41. Rb7 Kg6 42. g4 Ra6 43. Rd7 Re6 44. Kf3 h5 45. gxh5+ Kh6 46. Rd5 Bb4 47. Rxd4 Kxh5 48. Ne3 Bf8 49. Rd8 Bb4 50. Nf5 Kg6 51. e4 1-0

[Event "4NCL Div 1 2024-25"]
[Site "England"]
[Date "2024.11.24"]
[Round "2.29"]
[White "Swanson, Stephen"]
[Black "O`Donnell, Conor"]
[Result "0-1"]
[Annotator "RC"]
[ECO "B13"]
[WhiteElo "2143"]
[BlackElo "2293"]
[PlyCount "94"]
[EventDate "2024.11.23"]
[EventType "team-tourn"]
[EventCountry "ENG"]
[SourceTitle "playchess.com"]
[Source "ChessBase"]
[SourceQuality "1"]
[TimeControl "40/6000+30:3000+30"]

1. e4 c6 2. d4 d5 3. exd5 cxd5 4. Bd3 Nc6 5. c3 Nf6 6. f4 g6 7. Nf3 Bf5 8. Be2 Bg7 9. O-O Ne4 10. Be3 O-O 11. Nbd2 Rb8 12. Rc1 Qd7 13. Qe1 Nxd2 14. Qxd2 b5 15. b3 Rfd8 16. Rfd1 Bg4 17. Ne5 Nxe5 18. fxe5 Rdc8 19. Rf1 Be6 20. Bh6 Rc7 21. Bxg7 Kxg7 22. Rf4 Rh8 23. Rcf1 h5 24. Qe3 Qc6 25. Qf2 Qxc3 26. Bxb5 Qc2 27. Qxc2 Rxc2 28. R4f2 Rc7 29. Bd3 Rc3 30. Rd2 Rb8 31. Kf2 a5 32. Rfd1 Rbc8 33. h3 h4 34. Bb1 Kh6 35. Rd3 Rc1 36. R3d2 R1c3 37. Rd3 Bf5 38. R3d2 Kg5 39. Bxf5 gxf5 40. Re1 f4 41. Red1 Kf5 42. Rb1 Rb8 43. Rbb2 Ke4 44. Rd1 Rg8 45. b4 axb4 46. Re1+ Re3 47. Rd1 f3 0-1

[Event "4NCL Div 1 2024-25"]
[Site "England"]
[Date "2024.11.24"]
[Round "2.30"]
[White "Derakhshani, Borna"]
[Black "Shafi, Declan"]
[Result "1/2-1/2"]
[Annotator "TA"]
[ECO "C91"]
[WhiteElo "2355"]
[BlackElo "2181"]
[PlyCount "31"]
[EventDate "2024.11.23"]
[EventType "team-tourn"]
[EventCountry "ENG"]
[SourceTitle "playchess.com"]
[Source "ChessBase"]
[SourceQuality "1"]
[TimeControl "40/6000+30:3000+30"]

1. e4 e5 2. Nf3 Nc6 3. Bb5 a6 4. Ba4 Nf6 5. O-O Be7 6. Re1 b5 7. Bb3 d6 8. c3 O-O 9. d4 Bg4 10. d5 Na5 11. Bc2 c6 12. h3 Bc8 13. dxc6 Qc7 14. a4 {[%emt 0:05:26] Strongly threatening axb5.} Qxc6 15. axb5 axb5 16. Nbd2 1/2-1/2

[Event "4NCL Div 1 2024-25"]
[Site "England"]
[Date "2024.11.24"]
[Round "2.31"]
[White "Grassie, Duncan"]
[Black "Stoyanov, Viktor"]
[Result "0-1"]
[Annotator "RC"]
[ECO "A45"]
[WhiteElo "2060"]
[BlackElo "2242"]
[PlyCount "98"]
[EventDate "2024.11.23"]
[EventType "team-tourn"]
[EventCountry "ENG"]
[SourceTitle "playchess.com"]
[Source "ChessBase"]
[SourceQuality "1"]
[TimeControl "40/6000+30:3000+30"]

1. d4 Nf6 2. Bg5 e6 3. e4 h6 4. Bxf6 Qxf6 5. c3 c5 6. e5 Qd8 7. d5 exd5 8. Qxd5 Nc6 9. f4 d6 10. Bb5 Qb6 11. Na3 Be6 12. Qe4 d5 13. Qe2 g5 14. g3 O-O-O 15. Nf3 Be7 16. O-O-O a6 17. Bd3 g4 18. Ne1 c4 19. Bb1 Bxa3 20. bxa3 d4 21. Qf2 Qa5 22. cxd4 Qxa3+ 23. Qb2 Qa5 24. Nc2 c3 25. Qa3 Qxa3+ 26. Nxa3 Nxd4 27. Rd3 Ne2+ 28. Kd1 Rxd3+ 29. Bxd3 Nd4 30. Nc4 b5 31. Nd6+ Kc7 32. a3 Rb8 33. Re1 Bd5 34. Be4 Bb3+ 35. Kc1 a5 36. Re3 b4 37. Nf5 Nxf5 38. Bxf5 h5 39. Bc2 Bxc2 40. Kxc2 b3+ 41. Kb1 c2+ 42. Kb2 a4 43. Re4 Ra8 44. f5 Kd7 45. Rd4+ Ke7 46. Rc4 Ra5 47. Rc7+ Kd8 48. Rc4 Rxe5 49. Rxa4 Re1 0-1

[Event "4NCL Div 1 2024-25"]
[Site "England"]
[Date "2024.11.24"]
[Round "2.32"]
[White "Kalaiyalahan, Akshaya"]
[Black "Lampard, Alice"]
[Result "1-0"]
[Annotator "RC"]
[ECO "E11"]
[WhiteElo "2130"]
[BlackElo "1891"]
[PlyCount "111"]
[EventDate "2024.11.23"]
[EventType "team-tourn"]
[EventCountry "ENG"]
[SourceTitle "playchess.com"]
[Source "ChessBase"]
[SourceQuality "1"]
[TimeControl "40/6000+30:3000+30"]

1. d4 d5 2. c4 e6 3. g3 Nf6 4. Bg2 Bb4+ 5. Bd2 Be7 6. Nf3 O-O 7. O-O b6 8. Ne5 Bb7 9. Qc2 Ne4 10. Bf4 c6 11. Bxe4 dxe4 12. Qxe4 Bf6 13. Rc1 Qe7 14. c5 Rd8 15. Na3 b5 16. Nf3 Na6 17. Bd6 Qd7 18. Ne5 Bxe5 19. Qxe5 Nb4 20. Nc2 Nd5 21. e4 Nb6 22. cxb6 Qxd6 23. Qxd6 Rxd6 24. bxa7 Rxa7 25. Rd1 h6 26. a3 Ba8 27. Kf1 Rad7 28. Ke2 Kf8 29. f3 Rd8 30. Rac1 f6 31. Nb4 g5 32. Rd3 g4 33. Rcd1 gxf3+ 34. Kxf3 Ke7 35. Ke3 Bb7 36. Rc1 e5 37. dxe5 fxe5 38. Rxd6 Rxd6 39. Nd3 h5 40. Nxe5 Re6 41. Nd3 Rh6 42. Rc5 Bc8 43. Ne5 Bb7 44. Nf3 Bc8 45. Nd4 Bd7 46. Nf5+ Bxf5 47. exf5 Kd6 48. b4 Rh8 49. Kf4 Ra8 50. Rc3 Rg8 51. h3 Re8 52. Rd3+ Kc7 53. g4 hxg4 54. hxg4 Re1 55. g5 Rf1+ 56. Ke4 1-0

[Event "4NCL Div 1 2024-25"]
[Site "England"]
[Date "2024.11.24"]
[Round "2.33"]
[White "Larkin, Vladyslav"]
[Black "Gormally, Daniel W"]
[Result "1/2-1/2"]
[Annotator "RC"]
[ECO "B52"]
[WhiteElo "2455"]
[BlackElo "2424"]
[PlyCount "53"]
[EventDate "2024.11.23"]
[EventType "team-tourn"]
[EventCountry "ENG"]
[SourceTitle "playchess.com"]
[Source "ChessBase"]
[SourceQuality "1"]
[TimeControl "40/6000+30:3000+30"]

1. e4 c5 2. Nf3 d6 3. Bb5+ Bd7 4. Bxd7+ Nxd7 5. c4 Ngf6 6. Nc3 e6 7. d4 cxd4 8. Qxd4 a6 9. O-O Be7 10. Rd1 O-O 11. b3 Qa5 12. Qd2 Bd8 13. Bb2 Bc7 14. Qe2 Rfe8 15. h3 Qh5 16. Ba3 d5 17. c5 Ne5 18. Rac1 Nxf3+ 19. Qxf3 Qe5 20. exd5 Qh2+ 21. Kf1 exd5 22. g4 Rad8 23. Qg2 Qe5 24. Re1 Qd4 25. Red1 Qe5 26. Re1 Qd4 27. Red1 1/2-1/2

[Event "4NCL Div 1 2024-25"]
[Site "England"]
[Date "2024.11.24"]
[Round "2.34"]
[White "Bates, Richard A"]
[Black "Jogstad, Martin"]
[Result "1/2-1/2"]
[Annotator "TA"]
[ECO "D23"]
[WhiteElo "2315"]
[BlackElo "2379"]
[PlyCount "98"]
[EventDate "2024.11.23"]
[EventType "team-tourn"]
[EventCountry "ENG"]
[SourceTitle "playchess.com"]
[Source "ChessBase"]
[SourceQuality "1"]
[TimeControl "40/6000+30:3000+30"]

1. d4 d5 2. c4 c6 3. Nf3 Nf6 4. Qb3 dxc4 5. Qxc4 Bg4 6. Nbd2 Nbd7 7. g3 e6 8. Bg2 Bd6 {[%emt 0:00:57] The position is equal.} 9. Qb3 Nb6 10. O-O O-O 11. Re1 a5 12. a3 a4 13. Qc2 Rc8 14. e4 {[%emt 0:02:58] [#] aiming for e5.} (14. Ne5 {seems wilder.} c5 15. Bxb7 Rc7 16. Nxg4 Nxg4 17. Bg2) 14... Be7 (14... c5 $2 15. e5 $18) 15. b4 axb3 16. Nxb3 c5 17. dxc5 Na4 18. Be3 Nd7 {[%emt 1:02:08] Wards off Ne5} 19. Red1 {[%emt 0:19:50][%cal Od1d7] With the idea Rxd7!} Bxf3 20. Bxf3 Qc7 21. Bf4 Ne5 22. Bg2 g5 23. Be3 Ng4 24. Bd4 {[%emt 0:01:58] Against Nxe3} Nxc5 25. Rac1 b6 26. Qe2 Ne5 27. Qh5 Ng6 {[%emt 0:02:00] [#]} ({Better is} 27... Rfd8 $14) 28. Qh6 $1 $36 {[%emt 0:02:00][%csl Gd4][%cal Rh6g7][%mdl 2048] Black is under strong pressure.} e5 29. Nxc5 bxc5 30. Be3 {[%emt 0:00:11] White is much more active.} Rcd8 {[%emt 0:00:59] Prevents Rd3} 31. Bxg5 Rxd1+ 32. Rxd1 Rd8 33. Rxd8+ Bxd8 34. Bxd8 Qxd8 {[%emt 0:00:01][%mdl 4096] Endgame. KQB-KQN} 35. Qc1 {[%emt 0:00:30] Wards off Qd1+} Qd4 36. Bf1 {[%emt 0:00:11] Against c4} Ne7 (36... h6 $142 37. Qc4 (37. Qxh6 c4 $18) 37... Ne7) 37. Qc2 Nc6 38. Kg2 (38. Bc4 $18) 38... Na5 $16 {[%emt 0:00:16] Prevents Qb3} 39. Bb5 ({White should try} 39. Qb1 $16) 39... c4 $11 40. Qe2 c3 41. Bd3 Kf8 42. Qf3 Nc4 43. a4 Nd2 44. Qe3 Qxe3 45. fxe3 Ke7 46. a5 {[%emt 0:03:50] And now a6 would win.} Kd6 47. a6 {[%emt 0:00:25] Threatens to win with a7.} Kc6 48. Kf2 Kb6 (48... Nc4 $1 $11) 49. Ke2 $16 {[%emt 0:00:49] g4 is the strong threat.} Nb3 {[%emt 0:05:13] Black defended with fortune.   Weighted Error Value: White=0.09 (flawless) /Black=0.12 (very precise) .  Mistake:       	White=2     	Black=3      Inaccurate:     	---       	Black=3      OK:         	White=18    	Black=19     Best:        	White=2     	Black=5} 1/2-1/2

[Event "4NCL Div 1 2024-25"]
[Site "England"]
[Date "2024.11.24"]
[Round "2.35"]
[White "Maycock Bates, David Henry"]
[Black "Ledger, Andrew J"]
[Result "1/2-1/2"]
[Annotator "RC"]
[ECO "B19"]
[WhiteElo "2290"]
[BlackElo "2328"]
[PlyCount "117"]
[EventDate "2024.11.23"]
[EventType "team-tourn"]
[EventCountry "ENG"]
[SourceTitle "playchess.com"]
[Source "ChessBase"]
[SourceQuality "1"]
[TimeControl "40/6000+30:3000+30"]

1. e4 c6 2. d4 d5 3. Nc3 dxe4 4. Nxe4 Bf5 5. Ng3 Bg6 6. h4 h6 7. Nf3 e6 8. Ne5 Bh7 9. Bd3 Bxd3 10. Qxd3 Nd7 11. f4 Be7 12. Bd2 Nxe5 13. fxe5 Bxh4 14. O-O-O Bxg3 15. Qxg3 Ne7 16. Qxg7 Rg8 17. Qxh6 Qd5 18. Kb1 O-O-O 19. Qf6 Rxg2 20. Qxe7 Rxd2 21. Qxd8+ Kxd8 22. Rh8+ Ke7 23. Rxd2 Qe4 24. Kc1 c5 25. c3 b5 26. Rc8 Qe1+ 27. Kc2 Qe4+ 28. Kc1 Qe1+ 29. Rd1 Qe3+ 30. Kb1 Qe2 31. Kc1 Qe3+ 32. Kb1 Qe2 33. Rc1 Qd3+ 34. Ka1 Qd2 35. Kb1 Qd3+ 36. Ka1 Qd2 37. Rh1 cxd4 38. cxd4 Qxd4 39. Rc7+ Kf8 40. Rf1 Ke8 41. Rcxf7 Qd3 42. a3 a5 43. Rf8+ Kd7 44. Rc1 Qe3 45. Rd1+ Ke7 46. Ra8 a4 47. Rh1 Qxe5 48. Rh7+ Kd6 49. Ra6+ Kc5 50. Rh3 Qe2 51. Rc3+ Kd5 52. Rac6 e5 53. R6c5+ Kd4 54. Rc2 Qf1+ 55. Rc1 Qe2 56. R5c2 Qd3 57. Rc3 Qe2 58. R3c2 Qd3 59. Rc3 1/2-1/2

[Event "4NCL Div 1 2024-25"]
[Site "England"]
[Date "2024.11.24"]
[Round "2.36"]
[White "Ansell, Simon T"]
[Black "Large, Peter G"]
[Result "1/2-1/2"]
[Annotator "RC"]
[ECO "B00"]
[WhiteElo "2323"]
[BlackElo "2303"]
[PlyCount "88"]
[EventDate "2024.11.23"]
[EventType "team-tourn"]
[EventCountry "ENG"]
[SourceTitle "playchess.com"]
[Source "ChessBase"]
[SourceQuality "1"]
[TimeControl "40/6000+30:3000+30"]

1. e4 Nc6 2. d4 e5 3. dxe5 Nxe5 4. Nf3 Bb4+ 5. c3 Bd6 6. Nxe5 Bxe5 7. f4 Bd6 8. Bc4 Qh4+ 9. g3 Qe7 10. Qe2 Bc5 11. Nd2 d5 12. exd5 Qxe2+ 13. Bxe2 Nf6 14. b4 Bb6 15. Nc4 O-O 16. Nxb6 axb6 17. O-O Nxd5 18. Bd2 Rd8 19. Rfd1 Nf6 20. Be1 Bg4 21. Rxd8+ Rxd8 22. Bf1 Bf3 23. a4 h5 24. c4 Ng4 25. h3 Ne3 26. Kf2 Nxf1 27. Kxf3 Nd2+ 28. Bxd2 Rxd2 29. a5 Rd3+ 30. Kf2 h4 31. axb6 cxb6 32. Ra8+ Kh7 33. gxh4 Rd4 34. Rc8 b5 35. cxb5 Rxf4+ 36. Kg3 Rxb4 37. Rc7 Rb3+ 38. Kg2 Rxb5 39. Rxf7 Rb2+ 40. Kg3 b5 41. Rb7 b4 42. h5 Rb1 43. Rb8 b3 44. h4 Rb2 1/2-1/2

[Event "4NCL Div 1 2024-25"]
[Site "England"]
[Date "2024.11.24"]
[Round "2.37"]
[White "Jarocka, Liwia"]
[Black "Webb, Laurence E"]
[Result "1/2-1/2"]
[Annotator "RC"]
[ECO "C18"]
[WhiteElo "2267"]
[BlackElo "2217"]
[PlyCount "112"]
[EventDate "2024.11.23"]
[EventType "team-tourn"]
[EventCountry "ENG"]
[SourceTitle "playchess.com"]
[Source "ChessBase"]
[SourceQuality "1"]
[TimeControl "40/6000+30:3000+30"]

1. e4 e6 2. d4 d5 3. Nc3 Bb4 4. e5 c5 5. a3 Bxc3+ 6. bxc3 Qa5 7. Bd2 Qa4 8. Qg4 Kf8 9. h4 h5 10. Qf4 Qxc2 11. Rh3 Qe4+ 12. Qxe4 dxe4 13. Re3 Ne7 14. Rb1 cxd4 15. cxd4 Nd5 16. Rxe4 b6 17. Bc4 Bb7 18. Re2 Na6 19. Nf3 Rc8 20. Rc1 Ke7 21. Ng5 b5 22. Bxb5 Rxc1+ 23. Bxc1 Rc8 24. Bd2 Nac7 25. Bd3 Ba6 26. Bxa6 Nxa6 27. Ne4 Rb8 28. Kd1 Rb3 29. Bc1 Kd7 30. Kc2 Rb8 31. g3 Rc8+ 32. Kb1 Nc3+ 33. Nxc3 Rxc3 34. Bb2 Rf3 35. Rc2 Nc7 36. Kc1 Rd3 37. Rd2 Rxd2 38. Kxd2 Kc6 39. Kd3 Kb5 40. f3 Nd5 41. Bc1 g6 42. g4 a6 43. Bh6 Ka4 44. Bf8 Kb3 45. gxh5 gxh5 46. Ke4 Kc4 47. Bc5 Kc3 48. f4 Kd2 49. Bb4+ Kc2 50. f5 Kb3 51. Bd6 Kc4 52. fxe6 fxe6 53. Bc5 a5 54. Bd6 a4 55. Bc5 Kc3 56. Bf8 Kc4 1/2-1/2

[Event "4NCL Div 1 2024-25"]
[Site "England"]
[Date "2024.11.24"]
[Round "2.38"]
[White "Ledger, Dave J"]
[Black "Banerjee, Supratit"]
[Result "1-0"]
[Annotator "RC"]
[ECO "B12"]
[WhiteElo "2191"]
[BlackElo "2141"]
[PlyCount "159"]
[EventDate "2024.11.23"]
[EventType "team-tourn"]
[EventCountry "ENG"]
[SourceTitle "playchess.com"]
[Source "ChessBase"]
[SourceQuality "1"]
[TimeControl "40/6000+30:3000+30"]

1. e4 c6 2. d4 d5 3. e5 Bf5 4. h4 h5 5. Bd3 Bxd3 6. Qxd3 e6 7. Bg5 Qb6 8. Nd2 c5 9. c3 Nc6 10. Ne2 cxd4 11. cxd4 Bb4 12. O-O Nge7 13. Nf3 Ng6 14. Rfd1 Be7 15. Bxe7 Ncxe7 16. Ng3 Nc6 17. Nf1 Qd8 18. g3 Qb6 19. Rac1 a5 20. Rc3 a4 21. Ne3 Nge7 22. b3 a3 23. Nc2 Nf5 24. Rb1 O-O 25. b4 Ra4 26. Rxa3 Rxa3 27. Qxa3 f6 28. exf6 Rxf6 29. Qd3 Qc7 30. Ng5 g6 31. Re1 Qd6 32. a3 Ng7 33. b5 Na5 34. Ne3 Qf8 35. Rc1 Qd8 36. Qc3 Rf8 37. Qc7 Qf6 38. Rc2 Nb3 39. Qxb7 Nxd4 40. Ra2 Ndf5 41. Nxf5 Qxf5 42. Re2 Qg4 43. Rxe6 Qd1+ 44. Kg2 Qc2 45. Qa7 d4 46. Qxd4 Nxe6 47. Nxe6 Rxf2+ 48. Qxf2 Qe4+ 49. Kh2 Qxe6 50. Qb2 Qb6 51. a4 g5 52. hxg5 h4 53. Qb3+ Kg7 54. Qc3+ Kg8 55. Qc8+ Kg7 56. Qd7+ Kg8 57. Qd5+ Kg7 58. Qf3 hxg3+ 59. Qxg3 Qd4 60. Kh3 Qxa4 61. Qe5+ Kg8 62. g6 Qd1 63. Kh4 Qd8+ 64. Kh5 Qd1+ 65. Kg5 Qd8+ 66. Kf5 Qf8+ 67. Kg4 Qc8+ 68. Qf5 Qc4+ 69. Kg5 Qc1+ 70. Kf6 Qc3+ 71. Qe5 Qf3+ 72. Ke6 Qh3+ 73. Kd6 Qa3+ 74. Qc5 Qg3+ 75. Kd7 Qg4+ 76. Kc7 Qg3+ 77. Qd6 Qc3+ 78. Kb8 Qe3 79. Qc7 Qe8+ 80. Qc8 1-0

[Event "4NCL Div 1 2024-25"]
[Site "England"]
[Date "2024.11.24"]
[Round "2.39"]
[White "Patel, Zain"]
[Black "Nelson, Jonathan P"]
[Result "1/2-1/2"]
[Annotator "NA RC"]
[ECO "E95"]
[WhiteElo "2083"]
[BlackElo "2098"]
[PlyCount "95"]
[EventDate "2024.11.23"]
[EventType "team-tourn"]
[EventCountry "ENG"]
[SourceTitle "playchess.com"]
[Source "ChessBase"]
[SourceQuality "1"]
[TimeControl "40/6000+30:3000+30"]

1. Nf3 Nf6 2. d4 d6 3. c4 g6 4. Nc3 Bg7 5. e4 O-O 6. Be2 Nbd7 7. O-O e5 8. Re1 Re8 9. Bf1 a6 10. Rb1 c6 11. d5 c5 12. a3 h6 13. b4 Nh7 14. bxc5 Nxc5 15. Nd2 f5 16. f3 Nf6 17. Nb3 Nxb3 18. Qxb3 Nd7 19. Be3 f4 20. Bf2 Bf6 21. Qb4 a5 22. Qb2 Rf8 23. Nb5 Ra6 24. Na7 b6 25. Nxc8 Qxc8 26. c5 dxc5 27. Bxa6 Qxa6 28. Qb5 Qxb5 29. Rxb5 Kf7 30. Reb1 Bd8 31. Kf1 Ke7 32. Ke2 Kd6 33. g3 g5 34. gxf4 exf4 35. Rc1 Re8 36. Be1 g4 37. Bc3 Ne5 38. Bxe5+ Kxe5 39. Rd1 Rg8 40. d6 g3 41. hxg3 Rxg3 42. Rd5+ Ke6 43. Rh5 Kxd6 44. Rxh6+ Ke5 45. Rh5+ Kd4 46. Rf5 Rg2+ 47. Kf1 Ra2 48. Rb1 1/2-1/2

[Event "4NCL Div 1 2024-25"]
[Site "England"]
[Date "2024.11.24"]
[Round "2.40"]
[White "Varney, Zoe"]
[Black "Lalic, Peter D"]
[Result "1/2-1/2"]
[Annotator "RC"]
[ECO "C47"]
[WhiteElo "1996"]
[BlackElo "2131"]
[PlyCount "28"]
[EventDate "2024.11.23"]
[EventType "team-tourn"]
[EventCountry "ENG"]
[SourceTitle "playchess.com"]
[Source "ChessBase"]
[SourceQuality "1"]
[TimeControl "40/6000+30:3000+30"]

1. e4 e5 2. Nf3 Nc6 3. Nc3 d6 4. d4 Nf6 5. dxe5 dxe5 6. Qxd8+ Kxd8 7. Ng5 Ke8 8. Bc4 Nd8 9. Nb5 Bd6 10. f4 Nd7 11. Nxd6+ cxd6 12. O-O f6 13. Nf3 Nc5 14. b4 Nce6 1/2-1/2

[Event "4NCL Div 1 2024-25"]
[Site "England"]
[Date "2024.11.24"]
[Round "2.41"]
[White "Rendle, Thomas E"]
[Black "Kovchan, Alexander"]
[Result "1/2-1/2"]
[Annotator "TA"]
[ECO "D78"]
[WhiteElo "2383"]
[BlackElo "2453"]
[PlyCount "21"]
[EventDate "2024.11.23"]
[EventType "team-tourn"]
[EventCountry "ENG"]
[SourceTitle "playchess.com"]
[Source "ChessBase"]
[SourceQuality "1"]
[TimeControl "40/6000+30:3000+30"]

1. d4 Nf6 2. c4 g6 3. g3 c6 4. Bg2 d5 5. Nf3 Bg7 6. O-O O-O 7. Ne5 dxc4 8. Nxc4 Be6 {[%emt 0:00:14] Against e4} 9. Ne5 Qc8 10. e4 Bh3 11. Qe2 {[%emt 0:07:14] A rather calm draw.   Weighted Error Value: White=0.02 (flawless) /Black=0.13 (very precise) .  Mistake:       	White=1     	---        Inaccurate:     	---       	Black=1} (11. Re1 $14) 1/2-1/2

[Event "4NCL Div 1 2024-25"]
[Site "England"]
[Date "2024.11.24"]
[Round "2.42"]
[White "Macak, Stefan"]
[Black "Lentzos, Ioanis"]
[Result "1/2-1/2"]
[Annotator "RC"]
[ECO "B12"]
[WhiteElo "2310"]
[BlackElo "2126"]
[PlyCount "238"]
[EventDate "2024.11.23"]
[EventType "team-tourn"]
[EventCountry "ENG"]
[SourceTitle "playchess.com"]
[Source "ChessBase"]
[SourceQuality "1"]
[TimeControl "40/6000+30:3000+30"]

1. e4 c6 2. d4 d5 3. e5 Bf5 4. h4 h5 5. c4 e6 6. Nc3 dxc4 7. Bxc4 Nd7 8. Nf3 Be7 9. g3 Nh6 10. Bxh6 Rxh6 11. O-O g5 12. Qd2 Rg6 13. hxg5 Bxg5 14. Nxg5 Qxg5 15. Qxg5 Rxg5 16. Kg2 Rd8 17. Rad1 h4 18. Be2 Ke7 19. Bf3 hxg3 20. fxg3 Rdg8 21. Ne2 f6 22. exf6+ Nxf6 23. Rg1 Ng4 24. Rc1 Ne3+ 25. Kf2 Nd5 26. Rcd1 Rf8 27. Bxd5 Bg4+ 28. Ke3 exd5 29. Rdf1 Rxf1 30. Rxf1 Bxe2 31. Kxe2 Rxg3 32. Kd2 a5 33. Rh1 b5 34. a3 Kd6 35. Rh7 Rg2+ 36. Kc3 Rg3+ 37. Kc2 Rg2+ 38. Kc3 Rg3+ 39. Kc2 Re3 40. Ra7 a4 41. Kd2 Rb3 42. Kc2 Rh3 43. Kd2 Rh6 44. Kd3 Ke6 45. Rc7 Rh3+ 46. Kc2 Kd6 47. Ra7 Ke6 48. Rc7 Kf5 49. Re7 Kf4 50. Re6 Re3 51. Rh6 Ke4 52. Rh4+ Kf5 53. Rh5+ Kf4 54. Rh4+ Kg5 55. Rh7 Rf3 56. Rc7 Kf4 57. Re7 Re3 58. Rh7 Re6 59. Kd3 Rg6 60. Rf7+ Kg5 61. Kc3 Rf6 62. Rh7 Kf5 63. Re7 Re6 64. Rh7 Re3+ 65. Kc2 Rg3 66. Re7 Kf4 67. Re6 Re3 68. Rh6 Ke4 69. Rh4+ Kf5 70. Rh7 Ke6 71. Rc7 Kd6 72. Ra7 Re7 73. Ra8 Rc7 74. Rd8+ Rd7 75. Rc8 Rg7 76. Kc3 Rg3+ 77. Kc2 Kd7 78. Rb8 Kc7 79. Ra8 Kb7 80. Rd8 Kc7 81. Ra8 Kb7 82. Rd8 Rb3 83. Rg8 b4 84. axb4 Rxb4 85. Kc3 Rb3+ 86. Kc2 Ka6 87. Rc8 Kb5 88. Rc7 Rh3 89. Rc8 Rh2+ 90. Kc3 Rh3+ 91. Kc2 Rb3 92. Rc7 Kc4 93. Rxc6+ Kxd4 94. Ra6 Rb4 95. Rh6 Kc5 96. Rh8 Rb6 97. Ra8 Kb4 98. Rh8 Rc6+ 99. Kb1 d4 100. Rd8 Kc4 101. Kc2 Rc5 102. Rd7 Rh5 103. Rc7+ Kd5 104. Rd7+ Ke4 105. Re7+ Re5 106. Rh7 Rc5+ 107. Kd2 Rb5 108. Re7+ Kd5 109. Kc2 Rb3 110. Rd7+ Ke4 111. Re7+ Kf3 112. Rd7 Ke3 113. Re7+ Kf4 114. Re8 Re3 115. Rf8+ Ke4 116. Re8+ Kf3 117. Rd8 Re2+ 118. Kd3 Rxb2 119. Rxd4 a3 1/2-1/2

[Event "4NCL Div 1 2024-25"]
[Site "England"]
[Date "2024.11.24"]
[Round "2.43"]
[White "Kalavannan, Koby"]
[Black "Badacsonyi, Frankie"]
[Result "1-0"]
[Annotator "RC"]
[ECO "A17"]
[WhiteElo "2225"]
[BlackElo "2266"]
[PlyCount "83"]
[EventDate "2024.11.23"]
[EventType "team-tourn"]
[EventCountry "ENG"]
[SourceTitle "playchess.com"]
[Source "ChessBase"]
[SourceQuality "1"]
[TimeControl "40/6000+30:3000+30"]

1. Nf3 d5 2. c4 e6 3. e3 Nf6 4. Nc3 b6 5. b3 Bb7 6. Bb2 Nbd7 7. Qc2 a6 8. cxd5 exd5 9. d4 Bd6 10. Bd3 Qe7 11. O-O-O c5 12. Rhe1 Ne4 13. dxc5 Ndxc5 14. Bf1 Nxc3 15. Qxc3 f6 16. Qd4 b5 17. Qh4 Ne4 18. Bd3 O-O 19. Re2 Ba3 20. Bxe4 dxe4 21. Nd4 Rac8+ 22. Kb1 Bxb2 23. Rxb2 Rc5 24. Qg4 f5 25. Qe2 f4 26. exf4 Rxf4 27. Rbd2 Rf8 28. Nc2 Rc7 29. Qg4 Bc8 30. Qg3 Bb7 31. Ne3 a5 32. Rd5 a4 33. Nf5 Rxf5 34. Rxf5 e3 35. Re5 Be4+ 36. Ka1 Qf6 37. f4 e2 38. Re1 Qc6 39. Qe3 Qc2 40. Rxe4 Qd1+ 41. Kb2 Qc2+ 42. Ka3 1-0

[Event "4NCL Div 1 2024-25"]
[Site "England"]
[Date "2024.11.24"]
[Round "2.44"]
[White "Pang, Ethan"]
[Black "Milson, Samuel A"]
[Result "1-0"]
[Annotator "RC"]
[ECO "C01"]
[WhiteElo "2303"]
[BlackElo "2069"]
[PlyCount "67"]
[EventDate "2024.11.23"]
[EventType "team-tourn"]
[EventCountry "ENG"]
[SourceTitle "playchess.com"]
[Source "ChessBase"]
[SourceQuality "1"]
[TimeControl "40/6000+30:3000+30"]

1. e4 e6 2. d4 d5 3. Bd3 dxe4 4. Bxe4 Nf6 5. Bf3 Bd6 6. Nc3 O-O 7. Nb5 e5 8. Nxd6 Qxd6 9. dxe5 Qxe5+ 10. Ne2 Nc6 11. O-O Bg4 12. Bxg4 Nxg4 13. Nf4 h5 14. h3 Rad8 15. Qe1 Qxe1 16. Rxe1 Nd4 17. hxg4 Nxc2 18. Be3 Nxa1 19. Rxa1 hxg4 20. Rc1 Rd7 21. Rc5 b6 22. Rg5 f5 23. Kh2 c5 24. Kg3 Rf6 25. Nh5 Rff7 26. Bf4 Kh7 27. Be5 Rd3+ 28. Kh4 g6 29. Nf4 Rd2 30. Rxg6 Rxf2 31. Kg5 Re7 32. Bf6 Rxf4 33. Rh6+ Kg8 34. Kg6 1-0